 Dungeon Crawl Stone Soup version 0.18-a0-987-g0b0e4e7 (webtiles) character file.

247 Sodium1970 the Slasher (level 6, -2/47 HPs)
             Began as a Human Fighter on Jan 3, 2016.
             Was an Initiate of Okawaru.
             Slain by a gnoll (5 damage)
             ... on level 3 of the Dungeon.
             The game lasted 00:07:35 (3028 turns).

Sodium1970 the Slasher (Human Fighter)              Turns: 3028, Time: 00:07:35

Health: -2/47      AC: 10    Str: 18    XL:     6   Next: 33%
Magic:  6/6        EV:  5    Int:  9    God:    Okawaru [......]
Gold:   177        SH:  9    Dex: 12    Spells: 0 memorised, 5 levels left

rFire  . . .     SeeInvis .     a - +1 long sword
rCold  . . .     Gourm    .     g - +0 chain mail
rNeg   . . .     Faith    .     c - +0 shield
rPois  .         Spirit   .     (no helmet)
rElec  .         Dismiss  .     (no cloak)
rCorr  .         Reflect  .     (no gloves)
SustAt .         Harm     .     t - +0 pair of boots
MR     .....                    (no amulet)
Stlth  ..........               (no ring)
                                (no ring)

@: lethally poisoned (-2 -> -27), not resistant to hostile enchantments,
extremely unstealthy
A: no striking features
a: Renounce Religion


You were on level 3 of the Dungeon.
You worshipped Okawaru.
Okawaru was noncommittal.
You were not hungry.

You visited 1 branch of the dungeon, and saw 3 of its levels.

You collected 177 gold pieces.

Inventory:

Hand Weapons
 a - a +1 long sword (weapon)
Armour
 b - a +0 scale mail
 c - a +0 shield (worn)
 g - a +0 chain mail (worn)
 t - a +0 pair of boots (worn)
Scrolls
 l - 3 scrolls of remove curse
 n - 2 scrolls of identify {unknown}
 o - a scroll of immolation {unknown}
 q - a scroll of blinking {unknown}
 u - a scroll of enchant armour {unknown}
 v - a scroll of magic mapping {unknown}
 w - a scroll of fog {unknown}
Potions
 d - a potion of might
 e - a potion of agility {unknown}
 h - 2 potions of ambrosia
 i - 2 potions of cure mutation {unknown}
 j - 3 potions of curing {unknown}
 m - 3 potions of brilliance {unknown}
 p - a potion of berserk rage {unknown}
 r - a potion of poison {unknown}
Comestibles
 f - 3 bread rations
 k - 2 fruits
 s - a meat ration


   Skills:
 - Level 3.0 Fighting
 + Level 5.0 Long Blades
 + Level 3.9 Armour
 + Level 3.9 Shields


You had 5 spell levels left.
You didn't know any spells.

Dungeon Overview and Level Annotations

Branches:
Dungeon (3/15)

Altars:
Dithmenos
Okawaru


Message History

You block the gnoll's attack.
You closely miss the gnoll.
The gnoll is severely wounded.
* * * LOW HITPOINT WARNING * * *
You feel very sick. You block the gnoll's attack.
You barely miss the gnoll.
The gnoll is severely wounded.
* * * LOW HITPOINT WARNING * * *
You feel very sick. The gnoll hits you.
* * * LOW HITPOINT WARNING * * *
The gnoll hits you.
* * * LOW HITPOINT WARNING * * *
You hit the gnoll.
The gnoll is almost dead.
* * * LOW HITPOINT WARNING * * *
You feel very sick. The gnoll hits you.
You die...

# #.#
#.##§.###
# #.#
#.###§##
# #.#
#.##§§§#
# #.#
#§#§#§#§#
#.#
#.§§§_§§§
#.#
#.#§#§#.#
### #.#
#.##§§§#.
..# #.#
#.# #§#..
#.# #@#
#.# #..
#g# #.#
#.. #g#
#.# #...
#.# #.#
#..# #..
#.# ..
### #.#
#.# # ..#
# ..#


You could see 2 gnolls.

Vanquished Creatures
  3 orc wizards (D:3)
  An iguana (D:3)
  A worker ant (D:3)
  2 gnolls (D:3)
  2 adders
  3 worms
  3 giant geckos
  6 orcs (D:3)
  2 ball pythons
  3 giant cockroaches
  8 goblins
  6 hobgoblins
  A quokka (D:2)
  6 bats
  5 giant newts
  3 kobolds (D:1)
  8 rats
63 creatures vanquished.

Notes
Turn   | Place    | Note
--------------------------------------------------------------
     0 | D:1      | Sodium1970 the Human Fighter began the quest for the Orb.
     0 | D:1      | Reached XP level 1. HP: 18/18 MP: 1/1
   167 | D:1      | Reached XP level 2. HP: 24/24 MP: 2/2
   640 | D:2      | Found a faded altar to an unknown god.
   708 | D:2      | Reached XP level 3. HP: 8/29 MP: 3/3
  1378 | D:2      | Found an iron altar of Okawaru.
  1836 | D:2      | Became a worshipper of Warmaster Okawaru
  1918 | D:3      | Reached skill level 4 in Long Blades
  1918 | D:3      | Reached XP level 4. HP: 19/35 MP: 4/4
  2105 | D:3      | Reached XP level 5. HP: 31/41 MP: 5/5
  2399 | D:3      | Found a shadowy altar of Dithmenos.
  2467 | D:3      | Reached XP level 6. HP: 18/47 MP: 6/6
  2689 | D:3      | Reached skill level 5 in Long Blades
  3028 | D:3      | Slain by a gnoll

Vault maps used:
D:1:      lightli_arrival_noodles, kennysheep_small_spiral
D:2:      nicolae_overflow_crystal_walls, first_bread, ecumenical_altar_2
D:3:      grunt_dithmenos_smoke_and_mirrors

Action                   |  1- 3 |  4- 6 || total
-------------------------+-------+-------++-------
Melee: Long sword        |   134 |   121 ||   255
  Use: Scroll            |     4 |       ||     4
       Potion            |       |     1 ||     1
  Eat: Pizza             |     2 |       ||     2
       Meat ration       |       |     1 ||     1
